 Dungeon Crawl Stone Soup version 0.17-a0-1479-g4041c36 (webtiles) character file.

139 hexophile the Magician (level 5, -2/42 HPs)
             Began as a Naga Wizard on July 3, 2015.
             Shot with an arrow by a centaur (8 damage)
             ... on level 3 of the Dungeon.
             The game lasted 00:06:33 (4486 turns).

hexophile the Magician (Naga Wizard)                Turns: 4486, Time: 00:06:33

Health: -2/42      AC:  4    Str: 10    XL:     5   Next: 22%
Magic:  11/11      EV:  9    Int: 19    God:
Gold:   123        SH:  0    Dex:  9    Spells: 4 memorised, 3 levels left

rFire  + . .     SeeInvis +     f - -3 dagger (curse)
rCold  . . .     Clarity  .     k - +0 leather armour {rF+}
rNeg   . . .     SustAt   .     (no shield)
rPois  +         Gourm    .     b - +1 hat
rElec  .         Spirit   .     (no cloak)
rCorr  .         Warding  .     (no gloves)
rMut   .         Stasis   .     (no barding)
MR     .....                    (no amulet)
Stlth  ++........               (no ring)
                                (no ring)

@: very slow, not resistant to hostile enchantments, unstealthy
A: see invisible, deformed body, poison resistance, slowness 2, slow metabolism
1, spit poison 2, AC +1
a: Spit Poison


You were on level 3 of the Dungeon.
You were hungry.

You visited 1 branch of the dungeon, and saw 3 of its levels.

You collected 123 gold pieces.

Inventory:

Hand weapons
 e - a +1 whip of pain
 f - a cursed -3 dagger (weapon)
 g - a +0 spear
Armour
 b - a +1 hat (worn)
 k - a +0 leather armour of fire resistance (worn)
Potions
 h - 2 potions of poison {unknown}
 j - a potion of agility
Books
 c - a book of Minor Magic

   Spells                             Type                      Level
   a - Magic Dart                     Conjuration                  1
   b - Blink                          Translocation                2
   c - Call Imp                       Summoning                    2
   d - Repel Missiles                 Charms/Air                   2
   e - Slow                           Hexes                        2
   f - Conjure Flame                  Conjuration/Fire             3
   g - Mephitic Cloud                 Conjuration/Poison/Air       3
Comestibles
 a - a slice of pizza
 d - 2 bread rations
 l - a beef jerky


   Skills:
 + Level 2.1 Dodging
 - Level 3.0 Stealth
 * Level 4.2 Spellcasting
 * Level 2.6 Conjurations
   Level 1.0 Summonings
 - Level 1.0 Translocations
 + Level 0.4 Fire Magic
 + Level 1.3 Air Magic


You had 3 spell levels left.
You knew the following spells:

 Your Spells              Type           Power        Failure   Level  Hunger
a - Magic Dart            Conj           ##..         8%          1    None
b - Blink                 Tloc           N/A          21%         2    #......
c - Conjure Flame         Conj/Fire      #.......     30%         3    ###....
d - Mephitic Cloud        Conj/Pois/Air  #.......     38%         3    ###....


Dungeon Overview and Level Annotations

Branches:
Dungeon (3/15)

Altars:
Nemelex Xobeh


Innate Abilities, Weirdness & Mutations

You cannot wear boots.
Your serpentine skin is tough (AC +1).
You have supernaturally acute eyesight.
Armour fits poorly on your strangely shaped body.
Your system is resistant to poisons.
You cover ground very slowly.
You have a slow metabolism.
You can spit poison.


Message History

Okay, then. 2 kobolds come into view.
The kobold shouts!
The kobold throws a stone.
The stone barely misses you.
Found a club.
You see here a stone.
The kobold throws a stone.
The stone barely misses you.
The centaur shoots an arrow.
The arrow hits you!
* * * LOW HITPOINT WARNING * * *
You see here an arrow.
The kobold throws a stone.
The stone barely misses you.
The centaur shoots an arrow.
The arrow hits you.
* * * LOW HITPOINT WARNING * * *
The kobold throws a stone.
The stone barely misses you.
Things that are here:
an arrow; a stone You open the door.
The centaur shoots an arrow.
The arrow barely misses you.
The centaur shoots an arrow.
The arrow hits you!
You die...

#########
#........
#+#####........
#.....@...K.K..
#######(.......
#(......)
#(####### #.#
########(####
#.......c...#
#.........#.#
#c........#(#
##########


You could see a centaur and 2 kobolds.

Vanquished Creatures
  A worker ant (D:3)
  4 adders (D:2)
  A gnoll (D:1)
  An ooze (D:1)
  3 giant geckos
  A giant cockroach (D:1)
  6 hobgoblins
  2 quokkas (D:2)
  2 ball pythons (D:1)
  10 bats
  5 giant newts
  9 goblins
  6 jackals (D:1)
  6 kobolds
  8 rats
65 creatures vanquished.

Notes
Turn   | Place    | Note
--------------------------------------------------------------
     0 | D:1      | hexophile the Naga Wizard began the quest for the Orb.
     0 | D:1      | Reached XP level 1. HP: 15/15 MP: 4/4
   320 | D:1      | Reached XP level 2. HP: 22/22 MP: 1/6
  1051 | D:1      | Reached XP level 3. HP: 7/28 MP: 1/7
  1057 | D:1      | HP: 1/28 [rat (3)]
  1446 | D:1      | HP: 1/28 [gnoll/spear (5)]
  2254 | D:1      | Learned a level 2 spell: Blink
  2258 | D:1      | Learned a level 3 spell: Conjure Flame
  2262 | D:1      | Learned a level 3 spell: Mephitic Cloud
  2596 | D:1      | Reached XP level 4. HP: 19/36 MP: 6/9
  3280 | D:2      | Reached skill level 4 in Spellcasting
  3518 | D:2      | Found a sparkling altar of Nemelex Xobeh.
  3678 | D:2      | Reached skill level 1 in Air Magic
  4162 | D:3      | Reached XP level 5. HP: 22/42 MP: 0/11
  4480 | D:3      | Noticed a centaur
  4486 | D:3      | Shot with an arrow by a centaur

Vault maps used:
D:1:      erik_arrival_cave_to_civilisation
D:2:      nemelex_xobeh_ov_fountains_minmay, dk_vineyard_1
D:3:      lemuel_crystal_altar

Action                   |  1- 3 |  4- 6 || total
-------------------------+-------+-------++-------
Melee: Unarmed           |     8 |       ||     8
       Dagger            |    57 |     7 ||    64
 Cast: Magic Dart        |    83 |    65 ||   148
 Abil: Spit Poison       |     8 |     2 ||    10
  Use: Scroll            |     1 |     7 ||     8
       Potion            |       |     4 ||     4
 Stab: Sleeping          |     1 |       ||     1
  Eat: Chunk             |     1 |     2 ||     3
       Bread ration      |     1 |       ||     1
